 Dungeon Crawl Stone Soup version 0.18.1-48-g4cf74bf (webtiles) character file.

64 hannobal the Chiller (level 4, -3/27 HPs)
             Began as an Octopode Ice Elementalist on June 27, 2016.
             Slain by Sigmund
             ... wielding a +0 scythe
              (15 damage)
             ... on level 2 of the Dungeon.
             The game lasted 00:05:48 (1460 turns).

hannobal the Chiller (Octopode Ice Elementalist)    Turns: 1460, Time: 00:05:49

Health: -3/27      AC:  1    Str:  7    XL:     4   Next: 12%
Magic:  4/7        EV: 12    Int: 18    God:
Gold:   49         SH:  0    Dex: 12    Spells: 3 memorised, 1 level left

rFire  x . .     SeeInvis .     f - -3 whip (curse)
rCold  + . .     Gourm    .     (no shield)
rNeg   . . .     Faith    .     (helmet restricted)
rPois  .         Spirit   .     (no amulet)
rElec  .         Dismiss  .     e - ring of ice
rCorr  .         Reflect  .     (no ring)
SustAt .         Harm     .     (no ring)
MR     .....                    (no ring)
Stlth  +++.......               (no ring)
                                (no ring)
                                (no ring)
                                (no ring)

@: not resistant to hostile enchantments, fairly stealthy
A: almost no armour, amphibious, 8 rings, constrict 8, camouflage 1, gelatinous
body 1
a: no special abilities


You were on level 2 of the Dungeon.
You were hungry.

You visited 1 branch of the dungeon, and saw 2 of its levels.

You collected 49 gold pieces.

Inventory:

Hand Weapons
 a - a +0 short sword
 f - a cursed -3 whip (weapon)
 k - a +0 mace
 m - a +2 hand axe of chopping
Missiles
 c - 44 sling bullets
 h - 2 stones (quivered)
 i - 23 bolts
 l - 9 arrows
Jewellery
 e - a ring of ice (left tentacle)
Scrolls
 j - a scroll of magic mapping
Books
 d - a book of Frost

   Spells                             Type                      Level
   a - Freeze                         Ice                          1
   b - Throw Frost                    Conjuration/Ice              2
   c - Ozocubu's Armour               Charms/Ice                   3
   d - Throw Icicle                   Conjuration/Ice              4
   e - Summon Ice Beast               Ice/Summoning                4
Comestibles
 b - a bread ration
 n - a meat ration


   Skills:
 - Level 2.0 Dodging
 - Level 3.0 Stealth
 - Level 2.0 Spellcasting
 - Level 1.0 Conjurations
 - Level 2.2 Charms
 + Level 4.0 Ice Magic


You had one spell level left.
You knew the following spells:

 Your Spells              Type           Power        Failure   Level  Hunger
o - Ozocubu's Armour      Chrm/Ice       ###.....     17%         3    ###....
t - Throw Frost           Conj/Ice       ###...       12%         2    ###....
z - Freeze                Ice            ###.         3%          1    #......


Dungeon Overview and Level Annotations

Branches:
Dungeon (2/15)

Altars:

Annotations:
D:2 Sigmund


Innate Abilities, Weirdness & Mutations

You cannot wear most types of armour.
You are amphibious.
You can wear up to eight rings at the same time.
You can use your tentacles to constrict eight enemies at once.
Your skin changes colour to match your surroundings (Stealth).
Your rubbery body absorbs attacks (AC +1).


Message History

The puff of flame hits you! The fire burns you terribly!
* * * LOW HITPOINT WARNING * * *
Something barely misses you.
Drink which item? (? for menu, Esc to quit)
You feel much better.
You hear some strange, mumbled words.
A puff of flame appears from out of thin air!
The puff of flame hits you! The fire burns you terribly!
Casting: Freeze
Confirm with . or Enter, or press ? or * to list all spells.
Aiming: Freeze
Press: ? - help, Shift-Dir - straight line You feel a surge of power!
You freeze something. Something hits you.
Casting: Freeze
Confirm with . or Enter, or press ? or * to list all spells.
Aiming: Freeze
Press: ? - help, Shift-Dir - straight line You feel a surge of power!
You freeze something. Something hits you!
Ouch! That really hurt!
You die...

...## ######...
#...# #......# #....
##.#.#.. #...#
#.....# #...# #..#.#
#...#####...#
#..........##
#####...#####...##
...............#@#
.................{#
...............###r#
#####...#####.## s#
#.......>.# #
#...####### #...#
###...###
#.......########.#


You could see a giant cockroach and a rat.

Vanquished Creatures
  Jessica (D:2)
  An adder (D:2)
  An ooze (D:1)
  A dart slug (D:1)
  A goblin (D:1)
  5 hobgoblins
  5 bats (D:1)
  3 giant newts (D:1)
  2 kobolds (D:1)
  6 rats (D:1)
26 creatures vanquished.

Notes
Turn   | Place    | Note
--------------------------------------------------------------
     0 | D:1      | hannobal the Octopode Ice Elementalist began the quest for the Orb.
     0 | D:1      | Reached XP level 1. HP: 11/11 MP: 3/3
   254 | D:1      | Reached XP level 2. HP: 10/17 MP: 0/5
   258 | D:1      | Learned a level 2 spell: Throw Frost
   924 | D:1      | Reached XP level 3. HP: 21/21 MP: 3/6
   932 | D:1      | Learned a level 3 spell: Ozocubu's Armour
   991 | D:1      | Reached skill level 4 in Ice Magic
  1198 | D:2      | Noticed Jessica
  1208 | D:2      | Killed Jessica
  1208 | D:2      | Reached skill level 1 in Charms
  1331 | D:2      | Reached XP level 4. HP: 27/27 MP: 0/7
  1447 | D:2      | Noticed Sigmund
  1457 | D:2      | HP: 1/27 [something/wand of flame (12)]
  1460 | D:2      | Slain by Sigmund

Skill      XL: |  1  2  3 |
---------------+----------+-----
Stealth        | 3 |  3.0
Ice Magic      | 4 |  4.0
Charms         | 2 |  2.2
Dodging        | |  2.0
Spellcasting   | |  2.0
Conjurations   | |  1.0

Action                   |  1- 3 |  4- 6 || total
-------------------------+-------+-------++-------
Melee: Whip              |       |     1 ||     1
       Tentacles         |       |     1 ||     1
 Cast: Freeze            |    36 |     6 ||    42
       Ozocubu's Armour  |     2 |       ||     2
  Use: Scroll            |     3 |       ||     3
       Potion            |     3 |     1 ||     4
  Eat: Chunk             |     2 |       ||     2
Armor: Skin              |     1 |       ||     1
Dodge: Dodged            |    16 |     2 ||    18
